 Dungeon Crawl Stone Soup version 0.25.1-8-g42b30a86e7 (webtiles) character file.

Game seed: 2654139244824000463

3784 pokeman the Thaumaturge (level 9, 0/51 HPs)
             Began as a Deep Elf Wizard on Dec 4, 2020.
             Was a Believer of Vehumet.
             Slain by a troll (13 damage)
             ... on level 9 of the Dungeon.
             The game lasted 00:24:32 (9658 turns).

pokeman the Thaumaturge (Deep Elf Wizard)           Turns: 9658, Time: 00:24:33

Health: 0/51       AC:  9    Str:  4    XL:     9   Next: 95%
Magic:  17/27      EV: 12    Int: 27    God:    Vehumet [**....]
Gold:   377        SH:  0    Dex: 13    Spells: 14/32 levels left

rFire    . . .     SeeInvis .   q - +2 whip (venom)
rCold    . . .     Gourm    .   (no shield)
rNeg     . . .     Faith    .   H - +0 troll leather armour
rPois    .         Spirit   .   z - +2 hat
rElec    .         Reflect  .   x - +1 cloak
rCorr    .         Harm     .   s - +0 pair of gloves
MR       .....     Rnd*Tele +   (no boots)
Stlth    ++........             F - amulet of magic regeneration
HPRegen  0.17/turn              A - ring of flight
MPRegen  0.45/turn              b - ring of teleportation (curse)

@: very slightly contaminated
A: no striking features
a: Renounce Religion, Evoke Flight


You were on level 9 of the Dungeon.
You worshipped Vehumet.
Vehumet was pleased with you.
You were not hungry.

You visited 2 branches of the dungeon, and saw 10 of its levels.
You also visited: Sewer.

You collected 377 gold pieces.

Inventory:

Hand Weapons
 a - a +1 short sword of draining
 q - a +2 whip of venom (weapon)
 D - a +0 shortbow
Missiles
 l - 79 bolts
 E - 65 arrows
Armour
 s - a +0 pair of gloves (worn)
 x - a +1 cloak (worn)
 z - a +2 hat (worn)
 H - a +0 troll leather armour (worn)
Jewellery
 b - a cursed ring of teleportation (right hand)
 A - a ring of flight (left hand)
 F - an amulet of magic regeneration (around neck)
 G - the amulet "Niroib" {Acrobat Str+5 Slay+2}
   (You found it on level 7 of the Dungeon)

   [amulet of the acrobat]

   It helps you evade while moving and waiting.
   It affects your strength (+5).
   It affects your accuracy and damage with ranged weapons and melee attacks
   (+2).
Wands
 o - a wand of random effects (13)
 t - a wand of iceblast (9)
 u - a wand of flame (12)
 I - a wand of paralysis (11)
 J - a wand of polymorph (8)
Scrolls
 e - 7 scrolls of identify {unknown}
 f - 7 scrolls of teleportation {unknown}
 i - 5 scrolls of immolation {unknown}
 n - 5 scrolls of remove curse {unknown}
 p - 3 scrolls of fog {unknown}
 y - 2 scrolls of enchant weapon {unknown}
 B - 2 scrolls of magic mapping {unknown}
 C - 3 scrolls of blinking {unknown}
Potions
 c - 2 potions of lignification {unknown}
 g - 3 potions of curing
 h - 2 potions of magic {unknown}
 j - a potion of brilliance {unknown}
 m - 5 potions of heal wounds {unknown}
 r - 4 potions of haste {unknown}
 v - a potion of might {unknown}
 w - a potion of cancellation {unknown}
Comestibles
 d - 13 rations
 K - 2 chunks of flesh


   Skills:
 + Level 3.4 Fighting
 - Level 3.1 Armour
 - Level 3.0 Dodging
 - Level 3.2 Stealth
 * Level 12.2 Spellcasting
 + Level 7.0 Conjurations
 - Level 1.1 Summonings
 - Level 1.1 Translocations
 + Level 5.9 Fire Magic
 - Level 2.0 Air Magic
 - Level 1.0 Poison Magic
 - Level 1.0 Evocations


You had 14 spell levels left.
You knew the following spells:

 Your Spells              Type           Power        Failure   Level  Hunger
a - Magic Dart            Conj           ####         1%          1    None
b - Mephitic Cloud        Conj/Pois/Air  ####....     4%          3    None
c - Call Imp              Summ           ###.....     5%          2    None
d - Blink                 Tloc           N/A          5%          2    None
e - Conjure Flame         Conj/Fire      ######..     1%          3    None
f - Shock                 Conj/Air       ####         1%          1    None
g - Foxfire               Conj/Fire      ####         1%          1    None
h - Fireball              Conj/Fire      ######....   11%         5    ###....

Your spell library contained the following spells:

 Spells                   Type           Power        Failure   Level  Hunger
 Searing Ray              Conj           ######       1%          2    None
 Sticky Flame             Conj/Fire      ######..     4%          4    None
 Inner Flame              Hex/Fire       ####....     5%          3    None
 Beastly Appendage        Tmut           ###...       6%          1    None
 Slow                     Hex            ###.....     9%          2    None
 Sticks to Snakes         Tmut           ###.....     9%          2    None
 Spider Form              Tmut/Pois      ###.......   14%         3    None
 Ice Form                 Ice/Tmut       ###.....     52%         4    None
 Blade Hands              Tmut           ###.......   86%         5    ###....


Dungeon Overview and Level Annotations

Branches:
Dungeon (9/15)             Temple (1/1) D:5           Sewer (visited)
   Lair: D:8-11         Orc: D:9-12

Altars:
Ashenzari
Cheibriados
Dithmenos
Elyvilon
Fedhas
Gozag
Hepliaklqana
Kikubaaqudgha
Qazlal
Ru
Sif Muna
Trog
Uskayaw
Vehumet
Xom
Yredelemnul


Message History

You miscast Mephitic Cloud.
You are very lightly contaminated with residual magic.
Nothing appears to happen.
Casting: Mephitic Cloud (dangerous; 4% risk of failure)
Confirm with . or Enter, or press ? or * to list all spells.
Aiming: Mephitic Cloud (dangerous; 4% risk of failure)
Press: ? - help, Shift-Dir - straight line, f/p - troll
Aim: a troll That beam is likely to hit you.
Continue anyway?
You miscast Mephitic Cloud.
Nothing appears to happen.
The troll bites you! The troll closely misses you. The troll claws you.
Casting: Mephitic Cloud (dangerous; 4% risk of failure)
Confirm with . or Enter, or press ? or * to list all spells.
Aiming: Mephitic Cloud (dangerous; 4% risk of failure)
Press: ? - help, Shift-Dir - straight line, f/p - troll
Aim: a troll The ball explodes into a vile cloud!
The troll bites you. The troll claws you!
* * * LOW HITPOINT WARNING * * *
The troll claws you!
You die...

###########
#..........
#.....○....
#...○.○....
#☼...○.....
#§☼.......$
#§☼T.......
#..@.......
#..........
#$.........
##+########


You could see a troll.

Vanquished Creatures
  A troll (D:9)
  A hippogriff (D:8)
  Sigmund (D:3)
  5 yaks (D:6)
  An orc warrior (D:9)
  A sky beast (D:7)
  2 black bears
  3 ice beasts
  4 ogres
  A phantom (D:4)
  2 centaurs
  3 bullfrogs
  A gnoll sergeant (D:5)
  A wyvern skeleton (D:7)
  A scorpion (D:7)
  3 wights (D:8)
  3 howler monkeys (D:8)
  2 crimson imps
  2 bullfrog zombies
  2 quasits
  A hound (D:4)
  2 orc priests (D:5)
  A bullfrog skeleton (D:4)
  An iguana (D:4)
  A jelly (D:5)
  Crazy Yiuf (D:3)
  Jessica (D:3)
  Natasha (thrice) (D:3)
  An orc wizard (D:5)
  5 worker ants
  6 gnolls
  13 adders
  An ooze (D:2)
  An adder skeleton (D:7)
  3 worms
  3 dart slugs
  7 leopard geckos
  11 orcs
  3 ball pythons
  6 giant cockroaches
  10 goblins
  8 hobgoblins
  11 jackals
  A quokka (D:4)
  5 bats
  7 frilled lizards
  A jackal zombie (D:7)
  8 kobolds
  9 rats
171 creatures vanquished.

Vanquished Creatures (collateral kills)
  A worker ant (D:2)
  An adder (D:5)
  A goblin (D:2)
3 creatures vanquished.

Vanquished Creatures (others)
  A plant (Sewer)
1 creature vanquished.

Grand Total: 175 creatures vanquished

Notes
Turn   | Place    | Note
-------+----------+-------------------------------------------
     0 | D:1      | pokeman the Deep Elf Wizard began the quest for the Orb.
     0 | D:1      | Reached XP level 1. HP: 10/10 MP: 7/7
   223 | D:1      | Reached XP level 2. HP: 15/15 MP: 3/9
   755 | D:1      | Reached skill level 5 in Spellcasting
  1141 | D:2      | Reached XP level 3. HP: 20/20 MP: 6/11
  1146 | D:2      | Learned a level 3 spell: Mephitic Cloud
  1149 | D:2      | Learned a level 2 spell: Call Imp
  1152 | D:2      | Learned a level 2 spell: Blink
  1156 | D:2      | Learned a level 3 spell: Conjure Flame
  1268 | D:2      | Reached skill level 1 in Fighting
  1268 | D:2      | Reached skill level 1 in Armour
  1936 | D:2      | Reached XP level 4. HP: 25/25 MP: 10/13
  2968 | D:3      | Found a shimmering blue altar of Sif Muna.
  3137 | D:3      | Reached skill level 1 in Air Magic
  3185 | D:3      | Noticed Jessica
  3189 | D:3      | Noticed Sigmund
  3192 | D:3      | Killed Jessica
  3192 | D:3      | Reached skill level 6 in Spellcasting
  3192 | D:3      | Reached XP level 5. HP: 25/29 MP: 11/15
  3201 | D:3      | Killed Sigmund
  3201 | D:3      | Reached XP level 6. HP: 9/34 MP: 3/17
  3456 | D:3      | Noticed Natasha
  3505 | D:3      | Killed Natasha
  3643 | D:3      | Noticed a moth of wrath
  3645 | D:3      | Noticed Natasha
  3648 | D:3      | Killed Natasha
  3648 | D:3      | Reached skill level 7 in Spellcasting
  3778 | D:3      | Noticed Natasha
  3781 | D:3      | Killed Natasha
  3906 | D:3      | Found a runed translucent door.
  3907 | D:3      | Noticed Crazy Yiuf
  3914 | D:3      | Killed Crazy Yiuf
  3914 | D:3      | Reached skill level 1 in Poison Magic
  4004 | D:3      | Found a bloodstained altar of Trog.
  4013 | D:3      | Reached skill level 1 in Evocations
  4529 | D:4      | Reached XP level 7. HP: 38/38 MP: 18/20
  4564 | D:4      | Reached skill level 1 in Fire Magic
  4937 | D:4      | Reached skill level 8 in Spellcasting
  5362 | D:5      | Entered Level 5 of the Dungeon
  5482 | D:5      | Reached XP level 8. HP: 21/44 MP: 6/22
  5498 | D:5      | Found a staircase to the Ecumenical Temple.
  5531 | Temple   | Entered the Ecumenical Temple
  5568 | Temple   | Became a worshipper of Vehumet
  5629 | D:5      | Reached skill level 9 in Spellcasting
  5670 | D:5      | Found a glowing drain.
  5689 | Sewer    | Entered a sewer
  6834 | D:5      | Reached * piety under Vehumet
  6834 | D:5      | Offered knowledge of Shock by Vehumet.
  6837 | D:5      | Learned a level 1 spell: Shock
  6860 | D:5      | Reached skill level 5 in Conjurations
  7128 | D:6      | Found a white marble altar of Elyvilon.
  7457 | D:6      | Reached skill level 10 in Spellcasting
  7641 | D:6      | Reached XP level 9. HP: 48/48 MP: 13/25
  8111 | D:7      | Found a shadowy altar of Dithmenos.
  8121 | D:7      | Reached skill level 11 in Spellcasting
  8175 | D:7      | Reached skill level 5 in Fire Magic
  8619 | D:7      | Got a faintly glowing emerald amulet
  8626 | D:7      | Identified the amulet "Niroib" {Acrobat Str+5 Slay+2} (You
                  | found it on level 7 of the Dungeon)
  8927 | D:8      | Learned a level 1 spell: Foxfire
  8933 | D:8      | Learned a level 5 spell: Fireball
  9003 | D:8      | Found a hazy altar of Hepliaklqana.
  9035 | D:8      | Reached ** piety under Vehumet
  9044 | D:8      | Offered knowledge of Searing Ray by Vehumet.
  9072 | D:8      | Reached skill level 12 in Spellcasting
  9412 | D:9      | Noticed a two-headed ogre
  9418 | D:9      | Noticed a troll
  9447 | D:9      | Killed a troll
  9654 | D:9      | Noticed a troll
  9658 | D:9      | Slain by a troll

Illustrated notes

Levels and vault maps discovered:
D:1:      dpeg_arrival_erosion, layout_rooms
D:2:      wander_river, layout_basic, hex_medium, minmay_distorted
D:3:      layout_rooms, lemuel_round_altar, tgw_trog, uniq_jessica,
          uniq_natasha, uniq_sigmund, uniq_crazy_yiuf_cottage
D:4:      layout_basic, serial_park_tiny_2
D:5:      layout_rooms, minmay_temple_entry_mist, portal_sewer_entry_f,
          first_ration
D:6:      layout_loops_ring, elyvilon_altar_5
D:7:      layout_rooms, nicolae_overflow_hidden_temple, grunt_ogre_cave,
          chequers_serial_rivers_micro_e, grunt_dithmenos_smoke_and_mirrors
D:8:      layout_rooms, lemuel_round_altar
D:9:      layout_roguey, biasface_ghost_orc_armoury, david_defended_altar_elf
Temple:   kb_temple_of_zot

Skill      XL: |  1  2  3  4  5  6  7  8  9 |
---------------+----------------------------+-----
Spellcasting   | 5 6 7 8 10 12 | 12.2
Fighting       | 1 2 3 |  3.4
Armour         | 1 3 |  3.1
Conjurations   | 2 3 4 5 7 |  7.0
Air Magic      | 1 2 |  2.0
Dodging        | 3 |  3.0
Stealth        | 3 |  3.2
Poison Magic   | 1 |  1.0
Evocations     | 1 |  1.0
Fire Magic     | 2 4 5 |  5.9
Summonings     | |  1.1
Translocations | |  1.1

Action                   |  1- 3 |  4- 6 |  7- 9 || total
-------------------------+-------+-------+-------++-------
Melee: Unarmed           |     4 |     6 |       ||    10
       Whip              |       |    17 |    72 ||    89
       Short sword       |       |     2 |       ||     2
 Cast: Magic Dart        |   104 |    97 |   164 ||   365
       Call Imp          |     2 |     7 |     5 ||    14
       Mephitic Cloud    |       |     8 |    19 ||    27
       Conjure Flame     |       |     5 |    13 ||    18
       Blink             |       |       |     1 ||     1
       Shock             |       |       |   110 ||   110
       Fireball          |       |       |     1 ||     1
Evoke: Wand              |       |       |     5 ||     5
  Use: Scroll            |       |     1 |       ||     1
 Stab: Confused          |       |     1 |     2 ||     3
  Eat: Chunk             |     2 |     5 |    14 ||    21
       Ration            |       |     1 |     1 ||     2
Armor: Robe              |     3 |       |       ||     3
       Leather armour    |     2 |     7 |    47 ||    56
Dodge: Dodged            |    17 |    24 |    76 ||   117
